 Dungeon Crawl Stone Soup version 0.29.1-2-gbd0b4ee654 (webtiles) character file.

Game seed: 6050581506365697161

252 firemarshallily the Covert (level 6, -2/56 HPs)
             Began as a Naga Brigand on Oct 28, 2022.
             Slain by a gnoll
             ... wielding a +0 whip
              (7 damage)
             ... on level 4 of the Dungeon.
             The game lasted 00:11:24 (3768 turns).

firemarshallily the Covert (Naga Brigand)           Turns: 3768, Time: 00:11:24

Health: -2/56      AC:  4    Str: 14    XL:     6   Next: 13%
Magic:  6/6        EV: 10    Int: 11    God:
Gold:   252        SH:  0    Dex: 14    Spells: 5/5 levels left

rFire   . . .      SeeInvis +   a - +2 dagger
rCold   . . .      Faith    .   (no shield)
rNeg    . . .      Spirit   .   b - +0 robe
rPois   +          Reflect  .   (no helmet)
rElec   .          Harm     .   m - scarf {repulsion}
rCorr   .          Rampage  .   o - +0 pair of gloves
Will    .....                   (no barding)
Stlth   ++++......              n - amulet of regeneration
HPRegen 0.98/turn               p - ring of flight
MPRegen 0.10/turn               (no ring)

@: about to teleport, weak-willed, flying, repel missiles, very slow
A: AC +2, large, see invisible, deformed body, poison resistance, slowness 2,
spit poison 1, naga tail 1
a: Spit Poison


You were on level 4 of the Dungeon.
You visited 1 branch of the dungeon, and saw 5 of its levels.

You collected 252 gold pieces.

Inventory:

Hand Weapons
 a - a +2 dagger (weapon)
Missiles
 d - 31 poisoned darts
 e - 3 curare-tipped darts
 g - 39 stones
Armour
 b - a +0 robe (worn)
 c - a +0 cloak
 m - a scarf of repulsion (worn)
 o - a +0 pair of gloves (worn)
Jewellery
 j - a ring of magical power
 n - an amulet of regeneration (around neck)
 p - a ring of flight (left hand)
Scrolls
 h - a scroll of summoning {unknown}
 k - a scroll of blinking {unknown}
 l - a scroll of enchant weapon {unknown}
 q - a scroll of silence {unknown}
Potions
 s - a potion of resistance
 t - a potion of degeneration


   Skills:
 + Level 3.0 Fighting
 * Level 3.8 Short Blades
 - Level 1.7 Throwing
 + Level 2.0 Dodging
 * Level 8.1 Stealth


You had 5 spell levels left.
You didn't know any spells.
Your spell library was empty.

Dungeon Overview and Level Annotations

Branches:
Dungeon (5/15)
 Temple: D:4-7

Altars:
Nemelex Xobeh


Innate Abilities, Weirdness & Mutations

Your serpentine skin is tough. (AC +2)
You have supernaturally acute eyesight. (SInv)
Armour fits poorly on your strangely shaped body.
Your system is resistant to poisons. (rPois)
You cover ground very slowly.
You can spit poison.
You have a snake-like lower body.


Message History

The gnoll is moderately wounded.
The kobold hits you but does no damage. The kobold barely misses you.
The gnoll barely misses you. The goblin closely misses you.
You hit the gnoll.
The gnoll is severely wounded.
The gnoll hits you but does no damage.
The kobold hits you with a +0 short sword.
The kobold misses you.
You completely miss the gnoll.
The gnoll is severely wounded.
You have got your breath back.
The goblin hits you but does no damage.
You closely miss the gnoll.
The gnoll is severely wounded.
The gnoll hits you with a +0 whip. The kobold hits you but does no damage.
The kobold hits you with a +0 whip.
* * * LOW HITPOINT WARNING * * *
The goblin closely misses you.
You barely miss the gnoll.
The gnoll is severely wounded.
The kobold barely misses you. The kobold hits you with a +0 whip.
* * * LOW HITPOINT WARNING * * *
The gnoll hits you with a +0 whip.
* * * LOW HITPOINT WARNING * * *
The goblin hits you but does no damage.
It was a potion of flight.
You feel more buoyant.
The kobold hits you with a +0 short sword.
* * * LOW HITPOINT WARNING * * *
The kobold hits you but does no damage. The gnoll closely misses you.
The goblin barely misses you.
As you read the scroll labelled TALUJU RIALLU, it crumbles to dust.
Magic quickly surges around you.
It was a scroll of vulnerability.
The kobold hits you but does no damage. x2; The gnoll hits you with a +0 whip!
* * * LOW HITPOINT WARNING * * *
The goblin hits you but does no damage.
As you read the scroll labelled NIATTO WAMASEE, it crumbles to dust.
You feel strangely unstable.
It was a scroll of teleportation.
The gnoll hits you with a +0 whip!
You die...

#######################
########≈≈≈≈≈≈≈≈≈≈≈≈≈≈≈≈≈≈≈≈≈≈
####≈≈≈≈≈≈≈≈≈≈≈≈≈≈≈≈≈≈≈≈≈≈≈≈≈≈≈≈≈
#≈≈≈≈#####≈≈≈≈≈≈≈≈≈≈≈≈≈≈≈≈≈≈≈≈≈≈≈
≈≈≈≈≈# ########################
≈≈≈≈≈# #......g.......# # ≈≈≈≈≈#
#.....gKK......+ # ≈≈≈≈≈##
#....gg@)......######### ≈≈≈≈≈≈#
....########..........#. ≈≈≈≈≈≈#
.. #..........'. ≈≈≈≈≈≈#
#..........#. ≈≈≈≈≈##
.......######### ≈≈≈≈≈# ........+
# ≈≈≈≈≈# ........# # ≈≈≈≈≈#
########################
≈≈≈≈≈#####≈≈≈≈≈≈≈≈≈≈≈≈≈≈≈≈≈≈≈≈≈~~


You could see 2 gnolls, a hobgoblin (weak-willed), a goblin (weak-willed) and 2
kobolds.

Vanquished Creatures
  An orc priest (D:4)
  3 orc wizards
  4 gnolls
  An adder (D:3)
  2 dart slugs
  7 orcs
  7 ball pythons
  7 endoplasms
  A giant cockroach (D:3)
  13 goblins
  13 hobgoblins
  3 jackals (D:3)
  A quokka (D:1)
  7 bats
  A frilled lizard (D:3)
  11 kobolds
  4 rats
86 creatures vanquished.

Notes
Turn   | Place    | Note
-------+----------+-------------------------------------------
     0 | D:1      | firemarshallily the Naga Brigand began the quest for the
                  | Orb.
     0 | D:1      | Reached XP level 1. HP: 19/19 MP: 1/1
   138 | D:1      | Reached skill level 6 in Stealth
   328 | D:1      | Found a faded altar of an unknown god.
   387 | D:1      | Reached skill level 1 in Dodging
   387 | D:1      | Reached XP level 2. HP: 26/26 MP: 2/2
  1349 | D:2      | Reached XP level 3. HP: 22/32 MP: 3/3
  2010 | D:3      | You are sucked into a shaft and drop 2 floors!
  2010 | D:5      | Entered Level 5 of the Dungeon
  2324 | D:4      | Reached skill level 7 in Stealth
  2324 | D:4      | Reached XP level 4. HP: 26/40 MP: 4/4
  2375 | D:4      | Found a sparkling altar of Nemelex Xobeh.
  2526 | D:3      | Reached XP level 5. HP: 14/46 MP: 5/5
  3540 | D:4      | Reached XP level 6. HP: 52/56 MP: 6/6
  3717 | D:4      | Reached skill level 8 in Stealth
  3768 | D:4      | Slain by a gnoll

Illustrated notes

Levels and vault maps discovered:
D:1:      dpeg_arrival_houses_and_road, layout_loops_ring,
          ebering_ecumenical_altar_rust
D:2:      layout_basic, hex_large
D:3:      layout_basic
D:4:      minmay_goblin_kobold_castle, layout_gridville,
          nemelex_xobeh_ov_fountains_minmay, mainiacjoe_overflow_alcove_2,
          kennysheep_orc_chapel, uniq_pikel
D:5:      lemuel_ice_spiral_2, layout_basic, temple_statues, serial_undead,
          serial_undead_c, serial_undead_a, serial_undead_a, serial_undead_b,
          kennysheep_crisscross, kennysheep_generic_room_15

Skill      XL: |  1  2  3  4  5  6 |
---------------+-------------------+-----
Stealth        | 6 7 8 |  8.1
Dodging        | 1 2 |  2.0
Short Blades   | 3 |  3.8
Fighting       | 3 |  3.0
Throwing       | |  1.7

Action                   |  1- 3 |  4- 6 || total
-------------------------+-------+-------++-------
Melee: Dagger            |   104 |   169 ||   273
       Punch             |       |     1 ||     1
 Abil: Spit Poison       |    19 |    22 ||    41
  Use: Scroll            |       |     6 ||     6
       Potion            |       |     1 ||     1
 Stab: Sleeping          |     9 |     5 ||    14
Armor: Robe              |    15 |    70 ||    85
Dodge: Dodged            |    36 |   164 ||   200
       Repelled          |       |     4 ||     4
